 Dungeon Crawl Stone Soup version bcrawl-1.13.2 (webtiles) character file.

Game seed: 17147796834140767500

147 Felnil the Skirmisher (level 5, -2/42 HPs)
             Began as a Mummy Fighter on Aug 10, 2019.
             Slain by a river rat (5 damage)
             ... in a sewer.
             The game lasted 00:05:44 (2737 turns).

Felnil the Skirmisher (Mummy Fighter)               Turns: 2737, Time: 00:05:45

Health: -2/42      AC:  6    Str: 20    XL:     5   Next: 7%
Magic:  5/5        EV:  7    Int:  7    God:
Gold:   158        SH:  9    Dex: 12    Spells: 4/4 levels left

rFire    . . .     SeeInvis .   k - +2 short sword (venom)
rCold    + . .     Gourm    .   c - +0 shield
rNeg     + + +     Faith    .   b - +0 scale mail
rPois    ∞         Spirit   .   (no helmet)
rElec    .         Reflect  .   (no cloak)
rCorr    .         Harm     .   (no gloves)
MR       .....     Clarity  +   (no boots)
Stlth    ..........             (no amulet)
HPRegen  0.14/turn              j - ring of protection from fire
MPRegen  0.09/turn              (no ring)

@: no status effects
A: no food or potions, fire vulnerability, clarity, cold resistance 1, negative
energy resistance 3, torment resistance, unbreathing
a: no special abilities


You were in a sewer.
You were not hungry.

You visited 1 branch of the dungeon, and saw 3 of its levels.
You also visited: Sewer.

You collected 158 gold pieces.

Inventory:

Hand Weapons
 a - a +0 rapier
 k - a +2 short sword of venom (weapon)
 o - a +0 quarterstaff
Armour
 b - a +0 scale mail (worn)
 c - a +0 shield (worn)
Jewellery
 j - a ring of protection from fire (left hand)
 m - a +4 ring of protection {unknown}
 n - a cursed amulet of inaccuracy {unknown}
Scrolls
 d - 2 scrolls of identify
 e - 2 scrolls of teleportation
 f - a scroll of magic mapping {unknown}
 g - 3 scrolls of immolation {unknown}
 h - a scroll of blinking {unknown}
 i - 2 scrolls of noise {unknown}
 l - 2 scrolls of amnesia {unknown}


   Skills:
 + Level 4.1 Fighting
 - Level 1.5 Short Blades
 + Level 3.4 Armour
 + Level 3.3 Shields


You had 4 spell levels left.
You didn't know any spells.
Your spell library was empty.

Dungeon Overview and Level Annotations

Branches:
Dungeon (3/12)

Altars:
Zin


Innate Abilities, Weirdness & Mutations

You do not eat or drink.
Your flesh is vulnerable to fire.
You are immune to poison.
You possess an exceptional clarity of mind.
Your flesh is cold resistant. (rC+)
You are immune to negative energy. (rN+++)
You are immune to unholy pain and torment.
You can survive without breathing.


Message History

You kill the river rat!
The rat bites you but does no damage.
The rat splashes around in the water.
You block the river rat's attack. The rat bites you.
* * * LOW HITPOINT WARNING * * *
You enter the shallow water.
Moving in this stuff is going to be slow.
The rat bites you but does no damage.
The river rat bites you but does no damage.
You block the rat's attack. The rat closely misses you.
The river rat bites you.
* * * LOW HITPOINT WARNING * * *
You see here a river rat corpse.
The rat splashes around in the water. x2; The river rat bites you!
* * * LOW HITPOINT WARNING * * *
As you read the scroll labeled ZOAKLU YCSOERECHO, it crumbles to dust.
It is a scroll of identify.
e - 2 scrolls of teleportation The rat bites you but does no damage.
The rat splashes around in the water.
The river rat bites you.
You die...

#...##### #....'!!#
#....#!!# ##...####
#....####################
#.....#≈≈≈≈≈≈≈≈≈≈≈≈≈≈≈#.###
#.....≈≈≈≈≈≈≈≈≈≈≈≈≈≈≈≈≈...#
#.....≈≈≈≈≈≈≈≈≈(r≈≈≈≈≈≈....
##....≈≈≈≈≈≈≈≈≈@†≈≈≈≈≈≈....
##...≈≈≈≈≈≈≈≈≈rr†≈≈≈≈≈....
###..≈≈≈≈≈≈≈#≈#≈†≈≈≈#....
################### .


You could see a river rat and 2 rats.

Vanquished Creatures
  2 adders
  4 river rats (Sewer)
  4 worms
  A dart slug (D:2)
  A leopard gecko (D:3)
  2 orcs (D:3)
  5 giant cockroaches
  4 hobgoblins
  4 jackals (D:1)
  5 kobolds
  2 quokkas (D:2)
  6 ball pythons
  4 bats (D:1)
  7 frilled lizards
  6 goblins
  27 rats
84 creatures vanquished.

Notes
Turn   | Place    | Note
-------+----------+-------------------------------------------
     0 | D:1      | Felnil the Mummy Fighter began the quest for the Orb.
     0 | D:1      | Reached XP level 1. HP: 18/18 MP: 1/1
   186 | D:1      | Reached XP level 2. HP: 20/24 MP: 2/2
   661 | D:2      | Found a glowing silver altar of Zin.
   715 | D:2      | Reached XP level 3. HP: 29/29 MP: 3/3
  1348 | D:2      | Found a faded altar of an unknown god.
  2056 | D:3      | Reached XP level 4. HP: 37/37 MP: 4/4
  2104 | D:3      | Found a glowing drain.
  2108 | Sewer    | Entered a sewer
  2312 | Sewer    | Reached skill level 4 in Fighting
  2642 | Sewer    | Reached XP level 5. HP: 31/42 MP: 5/5
  2737 | Sewer    | Slain by a river rat

Skill      XL: |  1  2  3  4 |
---------------+-------------+-----
Armour         | 3 |  3.4
Shields        | 3 |  3.3
Fighting       | 4 |  4.1
Short Blades   | |  1.5

Action                   |  1- 3 |  4- 6 || total
-------------------------+-------+-------++-------
Melee: Rapier            |   105 |       ||   105
       Short sword       |    56 |   113 ||   169
  Use: Scroll            |       |     1 ||     1
Armor: Scale mail        |    69 |    72 ||   141
Dodge: Dodged            |    33 |    34 ||    67
Block: Shield            |    78 |    64 ||   142
